 Dungeon Crawl Stone Soup version 0.29.0-7-g18a832c13a (webtiles) character file.

Game seed: 4572776690719022516

200 ImASeal the Chopper (level 5, -1/47 HPs)
             Began as a Hill Orc Fighter on Aug 31, 2022.
             Killed by nerve-wracking pain
             ... invoked by an orc priest
              (13 damage)
             ... on level 3 of the Dungeon.
             The game lasted 00:05:38 (2383 turns).

ImASeal the Chopper (Hill Orc Fighter)              Turns: 2383, Time: 00:05:39

Health: -1/47      AC:  6    Str: 21    XL:     5   Next: 79%
Magic:  5/5        EV:  9    Int:  8    God:
Gold:   128        SH:  0    Dex: 10    Spells: 4/4 levels left

rFire   . . .      SeeInvis .   a - +0 war axe
rCold   . . .      Faith    .   c - +0 buckler
rNeg    . . .      Spirit   .   b - +0 scale mail
rPois   .          Reflect  .   (no helmet)
rElec   .          Harm     .   (no cloak)
rCorr   .          Rampage  .   (no gloves)
Will    .....                   (no boots)
Stlth   ..........              (no amulet)
HPRegen 0.15/turn               m - +4 ring of slaying
MPRegen 0.09/turn               (no ring)

@: confused, ambrosia-drunk, flying
A: no striking features
a: Convert to Beogh


You were on level 3 of the Dungeon.
You visited 1 branch of the dungeon, and saw 3 of its levels.

You collected 128 gold pieces.

Inventory:

Hand Weapons
 a - a +0 war axe (weapon)
Armour
 b - a +0 scale mail (worn)
 c - a +0 buckler (worn)
Jewellery
 m - a +4 ring of slaying (left hand)
Scrolls
 f - 2 scrolls of identify
 g - 2 scrolls of teleportation
 j - a scroll of magic mapping
 o - a scroll of silence {unknown}
Potions
 d - a potion of might
 l - a potion of attraction
 p - a potion of lignification {unknown}
 q - a potion of heal wounds {unknown}


   Skills:
 + Level 4.7 Fighting
 * Level 6.8 Axes
 + Level 0.5 Throwing
 - Level 3.2 Armour
 - Level 3.2 Shields


You had 4 spell levels left.
You didn't know any spells.
Your spell library was empty.

Dungeon Overview and Level Annotations

Branches:
Dungeon (3/15)

Altars:
Qazlal

Shops:
D:3 [


Message History

* * * LOW HITPOINT WARNING * * *
The orc hits you from afar with a +0 trident.
* * * LOW HITPOINT WARNING * * *
The orc hits you but does no damage.
It was a potion of attraction.
You feel attractive to monsters.
The orc wizard hits you with a +0 dagger.
* * * LOW HITPOINT WARNING * * *
The orc priest barely misses you. You block the orc's attack.
The orc is attracted toward you.
The frilled lizard is attracted toward you.
It was a potion of cancellation.
Your magical effects are unravelling.
You feel magically purged.
The orc wizard casts a spell.
The orc wizard flickers and vanishes!
Deactivating autopickup; reactivate with Ctrl-A.
The orc priest calls down the wrath of Beogh upon you.
You barely resist. The orc hits you but does no damage.
You feel less attractive to monsters.
It was a potion of ambrosia.
You are confused.
You feel invigorated. Something hits you but does no damage.
The orc priest closely misses you. The orc barely misses you.
You are too confused!
It was a potion of flight.
You feel very buoyant.
You fly up into the air.
Something completely misses you. The orc priest closely misses you.
The orc closely misses you.
You bump into the rock wall.
Something hits you.
* * * LOW HITPOINT WARNING * * *
The orc priest hits you with a +0 short sword.
* * * LOW HITPOINT WARNING * * *
The orc hits you with a +0 trident.
* * * LOW HITPOINT WARNING * * *
It was a potion of magic.
Magic courses through your body. Something hits you.
* * * LOW HITPOINT WARNING * * *
The orc priest mumbles some strange prayers to Beogh against you.
Pain shoots through your body!
You die...

### ##.##............
..# #...##########.#
#.# #...# ###### ..#
#...# #.... .
#.######...###.#.##.# #
##...........#.....
..(..............#
..##...........#.##.#.#
########...###.o@olo..#
#.).# ###{##.#.#
#...#####.#
#######.).....#..
#..........##.####
##.###..........#
☼...☼##.....##..#
.....#......##..#
.._..........#..#


You could see an orc priest, 2 orcs and a frilled lizard.

Vanquished Creatures
  3 orc priests (D:3)
  4 gnolls (D:3)
  2 adders (D:3)
  3 orcs (D:3)
  3 ball pythons
  4 endoplasms
  2 giant cockroaches
  3 goblins (D:1)
  12 hobgoblins
  5 kobolds
  A quokka (D:1)
  5 bats
  2 frilled lizards
  4 rats
53 creatures vanquished.

Notes
Turn   | Place    | Note
-------+----------+-------------------------------------------
     0 | D:1      | ImASeal the Hill Orc Fighter began the quest for the Orb.
     0 | D:1      | Reached XP level 1. HP: 19/19 MP: 1/1
    64 | D:1      | Reached skill level 3 in Axes
   118 | D:1      | Reached XP level 2. HP: 27/27 MP: 2/2
   734 | D:1      | Reached XP level 3. HP: 33/33 MP: 3/3
   976 | D:2      | Reached skill level 4 in Axes
  1784 | D:3      | Found Hisyumuf's Armour Shoppe.
  1927 | D:3      | Found a stormy altar of Qazlal.
  2034 | D:3      | Reached XP level 4. HP: 41/41 MP: 4/4
  2035 | D:3      | Found a faded altar of an unknown god.
  2043 | D:3      | Reached skill level 5 in Axes
  2281 | D:3      | Reached skill level 6 in Axes
  2281 | D:3      | Reached XP level 5. HP: 39/47 MP: 5/5
  2377 | D:3      | HP: 2/47 [orc/+0 trident (2)]
  2383 | D:3      | Killed from afar by an orc priest

Illustrated notes

Levels and vault maps discovered:
D:1:      dpeg_arrival_stonehenge_12_columns, layout_loops_ring
D:2:      minmay_evil_eye, layout_loops_corners
D:3:      layout_loops_cross, grunt_qazlal_clouds, lemuel_tele_altar,
          serial_shops, nicolae_shop_trees,
          hellmonk_ecumenical_altar_arch_garden

Skill      XL: |  1  2  3  4 |
---------------+-------------+-----
Axes           | 3 4 6 |  6.8
Fighting       | 4 |  4.7
Throwing       | |  0.5
Armour         | |  3.2
Shields        | |  3.2

Action                   |  1- 3 |  4- 6 || total
-------------------------+-------+-------++-------
Melee: War axe           |    97 |    29 ||   126
Throw: Dart              |       |    16 ||    16
  Use: Scroll            |     2 |       ||     2
       Potion            |       |     5 ||     5
Armor: Scale mail        |    38 |    12 ||    50
Dodge: Dodged            |    31 |    19 ||    50
Block: Buckler           |    24 |     6 ||    30
